 Dungeon Crawl Stone Soup version 0.26-b1-32-g5d43845318 (webtiles) character file.

Game seed: 8422843443814924410

16 theswoord the Insei (level 2, 0/21 HPs)
             Began as a Demonspawn Transmuter on Jan 12, 2021.
             Slain by a jackal (3 damage)
             ... on level 1 of the Dungeon.
             The game lasted 00:00:34 (428 turns).

theswoord the Insei (Demonspawn Transmuter)          Turns: 428, Time: 00:00:34

Health: 0/21       AC:  2    Str: 10    XL:     2   Next: 37%
Magic:  5/5        EV: 12    Int: 14    God:
Gold:   0          SH:  0    Dex: 13    Spells: 4/5 levels left

rFire    + . .     SeeInvis .     - Unarmed
rCold    . . .     Faith    .   (no shield)
rNeg     . . .     Spirit   .   a - +0 robe
rPois    .         Reflect  .   (helmet currently unavailable)
rElec    .         Harm     .   (no cloak)
rCorr    .         Rampage  .   (no gloves)
Will     +....                  (boots currently unavailable)
Stlth    +.........             (no amulet)
HPRegen  0.07/turn              b - ring of protection from fire (curse)
MPRegen  0.09/turn              c - ring of willpower

@: appendages (expiring)
A: horns 2, talons 2, demonic guardian 1
a: End Transformation


You were on level 1 of the Dungeon.
You had grown temporary horns.
You had grown temporary talons.
You visited 1 branch of the dungeon, and saw 1 of its levels.

Inventory:

Armour
 a - a +0 robe (worn)
Jewellery
 b - a cursed ring of protection from fire (left hand)
 c - a ring of willpower (right hand)
Scrolls
 e - a scroll of identify {unknown}
Potions
 d - 2 potions of lignification {unknown}


   Skills:
 + Level 1.6 Fighting
 - Level 1.7 Dodging
 + Level 3.0 Unarmed Combat
 - Level 2.0 Spellcasting
 + Level 2.1 Transmutations


You had 4 spell levels left.
You knew the following spells:

 Your Spells              Type           Power        Failure   Level
a - Beastly Appendage     Tmut           14%          10%         1

Your spell library contained the following spells:

 Spells                   Type           Power        Failure   Level
 Wereblood                Tmut           7%           16%         2
 Spider Form              Tmut/Pois      2%           43%         3
 Ice Form                 Ice/Tmut       4%           83%         4
 Blade Hands              Tmut           3%           95%         5


Dungeon Overview and Level Annotations

Branches:
Dungeon (1/15)

Altars:


Innate Abilities, Weirdness & Mutations

A weak demonic guardian rushes to your aid.
You have a pair of horns on your head.
You have razor-sharp toenails.


Message History

* * * LOW HITPOINT WARNING * * *
You closely miss the jackal.
The jackal is heavily wounded.
The jackal barely misses you. The jackal bites you.
* * * LOW HITPOINT WARNING * * *
You barely miss the jackal. You claw the jackal.
You kill the jackal!
The jackal barely misses you. The jackal bites you.
* * * LOW HITPOINT WARNING * * *
Your Unarmed Combat skill increases to level 3!
You closely miss the jackal. You claw the jackal, but do no damage.
The jackal bites you.
* * * LOW HITPOINT WARNING * * *
You hit the jackal.
The jackal is severely wounded.
The jackal bites you but does no damage. x2
You hit the jackal but do no damage.
The jackal is severely wounded.
The jackal bites you.
You die...

...# ## #.# .. #..#
..####.#... #..#
#......#.. #..#
#......#.# #..#
#......#.######..#
#..............†h#
#......##.######@##
#.....)##.........#
#.####.##......####
#.####.##......#
#.........####.#
.........>.....#
................
♣.♣♣....#########
♣.♣♣....#


You could see a jackal.

Vanquished Creatures
  2 leopard geckos (D:1)
  A giant cockroach (D:1)
  2 goblins (D:1)
  A hobgoblin (D:1)
  2 jackals (D:1)
  A bat (D:1)
  A kobold (D:1)
  3 rats (D:1)
13 creatures vanquished.

Notes
Turn   | Place    | Note
-------+----------+-------------------------------------------
     0 | D:1      | theswoord the Demonspawn Transmuter began the quest for the
                  | Orb.
     0 | D:1      | Reached XP level 1. HP: 15/15 MP: 3/3
     3 | D:1      | Noticed an electric eel
     3 | D:1      | Noticed an electric eel
   206 | D:1      | Gained mutation: A weak demonic guardian rushes to your
                  | aid. [demonic ancestry]
   206 | D:1      | Reached XP level 2. HP: 18/21 MP: 5/5
   426 | D:1      | Reached skill level 3 in Unarmed Combat
   428 | D:1      | Slain by a jackal

Skill      XL: |  1  2 |
---------------+-------+-----
Transmutations | 2 |  2.1
Unarmed Combat | 3 |  3.0
Fighting       | |  1.6
Dodging        | |  1.7
Spellcasting   | |  2.0

Action                   || total
-------------------------++-------
Melee: Unarmed           ||    48
       Kick              ||     7
       Headbutt          ||     2
 Cast: Beastly Appendage ||     5
Armor: Robe              ||     9
Dodge: Dodged            ||    41

Levels and vault maps discovered:
D:1:      arrival_aquarium_b, layout_basic, serial_forest,
          infiniplex_forest_clump_long, infiniplex_forest_clump_tiny,
          infiniplex_forest_straight_4, infiniplex_forest_clump_tiny,
          infiniplex_forest_lined_corner, infiniplex_forest_end_3,
          wad_floor_pattern_untrapped, solitary_fountain, chequers_avenue,
          hangedman_decor_slide_cut
